woodfighter, lawful female dwarven Priestess -------------- #######|...........<| # |............| -------------###########.............| |`.........`.# # |............-# |.....`.....|### ----------|---# |...-----....# ## # |.*...{.|...|# # # |.)`|{.{|`..|# ### # ##|...|.{.|...|# # # #....-----...|# ########### # |.....`%.....#######------- # |`.........`|# #......| e '@## -------------# |.....| # ######## |.....| |.....| ------- woodfighter the Adept Experience level: 6 Strength: 14 Dexterity: 10 Constitution: 15 Intelligence: 17 Wisdom: 10 Charisma: 13 Health: 0(45) Energy: 37(37) Def: 4 Gold: 0 Moves: 4171 Dungeon seed: ndCTq_uG7ZRbEDhp Game ID: woodfighter_1553192815 Your Inventory: Amulets I - an amulet versus poison (being worn) R - a cursed amulet of change Weapons a - a blessed +1 mace (weapon in hand) Armor e - a +0 robe (being worn) n - a +0 small shield (being worn) r - a +0 orcish helm (being worn) Comestibles c - a clove of garlic d - 2 sprigs of wolfsbane u - an egg Wands f - a wand of cancellation (0:1) Tools i - a magic marker (0:52) s - a sack w - a magic whistle y - a skeleton key U - an oil lamp (0:1162) W - a towel Gems q - a luckstone z - a worthless piece of blue glass N - a worthless piece of violet glass Y - a worthless piece of green glass Contents of the sack: 1274 gold pieces 2 scrolls of enchant armor a cursed scroll of gold detection a blessed scroll of light a scroll of light 2 scrolls of scare monster 2 scrolls of scare monster a cursed scroll of teleportation a spellbook of detect monsters a spellbook of fireball a spellbook of protection a blessed potion of blindness a blessed potion of confusion a potion of confusion a potion of gain ability 3 potions of hallucination 4 potions of holy water a blessed potion of monster detection a blessed potion of object detection a potion of sleeping Spells and supernatural/magical abilities: Name Level Category Fail Memory n - detect monsters 1 divination 0% 80% p - protection 1 clerical 0% 80% W - pray for help -- divine ? -- X - turn undead -- divine ? -- Your skills at the end: Miscellaneous Skills shield [Basic] wands [Basic] Weapon Skills pick-axe [Basic] mace [Basic] Spellcasting Skills clerical spells [Basic] Final Attributes: You were piously aligned. You were fire resistant. You were poison resistant. Your writing hand was ok. You had infravision. You were lucky. You had extra luck. Bad luck did not time out for you. Good luck did not time out for you. You are dead. Vanquished creatures: a housecat 4 human zombies a rock piercer a pony 2 fog clouds 2 giant ants 2 kittens an iguana a rabid rat a jitterbug 2 giant bats a monkey 2 orc zombies 2 dwarf zombies a werejackal a gas spore 2 large kobolds a gecko a hobgoblin a giant rat a brown mold 4 red molds a gnome zombie 13 jackals a kobold 2 newts 3 goblins 2 sewer rats a grid bug a bat 5 lichens a kobold zombie 65 creatures vanquished. Voluntary challenges: You did not cause conflict. You were not invisible. You did not have reflection. You were not displaced. You had been an atheist until turn 3626. You used a wielded weapon 108 times, starting on turn 6. You did not apply a unicorn horn. You did not use plumbed fixtures. You did not drink any magical draughts. You read items or engraved 1 time, starting on turn 3686. You never genocided any monsters. You never polymorphed an object. You never changed form. You used no wishes. You never split a pudding. You wrote Elbereth's name 1 time, starting on turn 3686. You never violated your personal moral code. Dungeon overview: The Dungeons of Doom: levels 1 to 7 Level 1 some fountains a long staircase Level 2 Level 3 (water + vault) a hardware shop, a fountain stairs to The Gnomish Mines Level 4 a potion shop, some fountains Level 5 (water) a fountain Level 6 a fountain Level 7 <- You were here many fountains The Gnomish Mines: Level 4 stairs to The Dungeons of Doom History has recorded: On T:1 you entered the Dungeons of Doom to retrieve the Amulet of Yendor! On T:61 you reached level 2 of The Dungeons of Doom. On T:649 you advanced to experience level 2. On T:1003 you reached level 3 of The Dungeons of Doom. On T:1069 you advanced to experience level 3. On T:1278 you reached level 1 of The Gnomish Mines. On T:1515 you reached level 4 of The Dungeons of Doom. On T:1605 you advanced to experience level 4. On T:2205 you reached level 5 of The Dungeons of Doom. On T:2907 you reached level 6 of The Dungeons of Doom. On T:3046 you reached level 7 of The Dungeons of Doom. On T:3083 you advanced to experience level 5. On T:3626 you prayed to Tyr. On T:3629 you advanced to experience level 6. On T:4170 you prayed to Tyr. Score breakdown: Gold: 1274 ( 127 points) Experience: 6 levels ( 500 points) Exploration: 7 levels ( 180 points) Discoveries: 23 items ( 1150 points) Variety of kills: 32 monsters ( 1600 points) Major goal: (nothing yet) ( 0 points) Survival: died (score multiplied by 3) Total score: 10671 Latest messages: This door is locked. WHAMMM!!! You succeed in unlocking the door. The door opens. You hear the splashing of a naiad. The door opens. You stop exploring. The rope golem claws you! (2x) You hit the rope golem. The rope golem just misses! The rope golem claws you! You hit the rope golem! The rope golem claws you! The rope golem just misses! You hit the rope golem! The rope golem claws you! The rope golem misses. You hit the rope golem! The rope golem claws you! (2x) You hit the rope golem! The rope golem claws you! (2x) You begin praying to Tyr. The rope golem claws you! You die... Final status: Goodbye woodfighter the Priestess, killed by a rope golem, while praying... You died in The Dungeons of Doom on dungeon level 7 with 10671 points, and 1274 pieces of gold, after 4171 moves. You were level 6 with a maximum of 45 hit points when you died.